 Dungeon Crawl Stone Soup version 0.29.1-15-g9cfb28693d (webtiles) character file.

Game seed: 10679691683255763161

63 Gabide the Trooper (level 3, 0/29 HPs)
             Began as a Mummy Berserker on Apr 13, 2023.
             Was a Follower of Trog.
             Slain by a goblin
             ... wielding a +0 dagger
             ... led by Robin
              (2 damage)
             ... on level 2 of the Dungeon.
             The game lasted 00:02:26 (2749 turns).

Gabide the Trooper (Mummy Berserker)                Turns: 2749, Time: 00:02:26

Health: 0/29       AC:  6    Str: 22    XL:     3   Next: 87%
Magic:  3/3        EV: 11    Int:  6    God:    Trog [*.....]
Gold:   80         SH:  0    Dex: 11    Spells: 2/2 levels left

rFire   x . .      SeeInvis .     - Unarmed
rCold   + . .      Faith    .   (no shield)
rNeg    + + +      Spirit   .   h - +0 ring mail
rPois   ∞          Reflect  .   g - +0 helmet
rElec   .          Harm     .   (no cloak)
rCorr   .          Rampage  .   (no gloves)
Will    .....                   (no boots)
Stlth   +.........              (no amulet)
HPRegen 0.09/turn               (no ring)
MPRegen 0.08/turn               (no ring)

@: no status effects
A: cold resistance 1, negative energy resistance 3, torment resistance 2, heat
vulnerability 1, in touch with death 1, no potions
a: Renounce Religion


You were on level 2 of the Dungeon.
You worshipped Trog.
Trog was aware of your devotion.
You visited 1 branch of the dungeon, and saw 2 of its levels.

You collected 80 gold pieces.

Inventory:

Armour
 g - a +0 helmet (worn)
 h - a +0 ring mail (worn)
Scrolls
 a - a scroll of vulnerability {unknown}
 b - a scroll of torment
 d - a scroll of teleportation {unknown}
 e - a scroll of identify {unknown}
 f - a scroll of noise


   Skills:
 + Level 3.4 Fighting
 - Level 1.5 Armour
 + Level 2.1 Dodging
 * Level 3.3 Unarmed Combat


You had 2 spell levels left.
You didn't know any spells.
Your spell library was empty.

Dungeon Overview and Level Annotations

Branches:
Dungeon (2/15)

Altars:

Annotations:
D:2 Robin


Innate Abilities, Weirdness & Mutations

You are immune to poison.
Your flesh is cold resistant. (rC+)
You are immune to negative energy. (rN+++)
You are immune to unholy pain and torment.
You are vulnerable to heat. (rF-)
You are in touch with the powers of death.
You do not drink.


Message History

The goblin dies!
Robin throws the goblin at you!
A hobgoblin comes into view.
The goblin unwields a +0 sling.
The goblin wields a +0 club.
The goblin hits you but does no damage.
Items here: )) ††.
You hit the goblin.
The goblin is moderately wounded.
The goblin completely misses you.
You hit the goblin.
You kill the goblin!
Trog accepts your kill.
A goblin comes into view. It is wielding a +0 dagger.
Robin hits you with a +0 mace.
You barely miss Robin.
The goblin shouts!
Robin barely misses you.
You hit Robin but do no damage. Robin hits you with a +0 mace.
Unknown command.
You can't drink.
Unknown command.
As you read the scroll of torment, it crumbles to dust.
You feel a surge of unholy energy.
Robin convulses!
The hobgoblin convulses!
Robin hits you with a +0 mace.
You hit Robin.
Robin is heavily wounded.
Robin hits you with a +0 mace.
* * * LOW HITPOINT WARNING * * *
You closely miss Robin.
Robin is heavily wounded.
Robin throws the goblin at you!
* * * LOW HITPOINT WARNING * * *
The goblin hits you with a +0 dagger.
* * * LOW HITPOINT WARNING * * *
You can't drink.
As you read the scroll labelled QAIZAB VABLANA, it crumbles to dust.
You hear a loud clanging noise!
It was a scroll of noise.
Robin closely misses you. The goblin hits you with a +0 dagger.
You die...

#.# ######.## #.....)..
#.####... #.# #### #.# #
#.#######
################.#......
....ggg@g).........#####
################.#######
#........ #########


You could see Robin, a hobgoblin (strong) and 2 goblins.

Vanquished Creatures
  2 adders (D:2)
  A worm (D:2)
  A dart slug (D:2)
  3 endoplasms (D:1)
  9 goblins
  5 hobgoblins
  2 jackals (D:1)
  2 quokkas
  3 ball pythons (D:1)
  2 bats
  5 frilled lizards
  A rat (D:1)
36 creatures vanquished.

Vanquished Creatures (others)
  A goblin (D:2)
1 creature vanquished.

Grand Total: 37 creatures vanquished

Notes
Turn   | Place    | Note
-------+----------+-------------------------------------------
     0 | D:1      | Gabide the Mummy Berserker began the quest for the Orb.
     0 | D:1      | Reached XP level 1. HP: 18/18 MP: 1/1
   495 | D:1      | Reached XP level 2. HP: 22/24 MP: 2/2
  1801 | D:2      | Gained mutation: You are in touch with the powers of death.
                  | [Mummy growth]
  1801 | D:2      | Reached XP level 3. HP: 19/29 MP: 3/3
  2462 | D:2      | Found a faded altar of an unknown god.
  2735 | D:2      | Noticed Robin
  2749 | D:2      | Slain by a goblin

Illustrated notes

Levels and vault maps discovered:
D:1:      tarquinn_simple_flora_water_d, layout_loops_corners,
          chequers_serial_rivers_small_3
D:2:      layout_basic, hellmonk_ecumenical_altar_zigzags, nrook_uturn,
          uniq_robin

Skill      XL: |  1  2 |
---------------+-------+-----
Unarmed Combat | 3 |  3.3
Dodging        | 2 |  2.1
Fighting       | |  3.4
Armour         | |  1.5

Action                   || total
-------------------------++-------
Melee: Unarmed           ||   127
       Punch             ||     6
Throw: Dart              ||    34
       Stone             ||     3
  Use: Scroll            ||     4
Armor: Animal skin       ||    10
       Ring mail         ||    10
Dodge: Dodged            ||    65
